 Dungeon Crawl Stone Soup version 0.31-a0-750-gfe7b580527 (webtiles) character file.

Game seed: 4320540466082217684

125110 puppykicker the Gelid (level 16, -5/124 HPs)
             Began as a Barachi Ice Elementalist on Sept 14, 2023.
             Was a High Priest of Vehumet.
             Slain by an emperor scorpion (19 damage)
             ... led by a torpor snail
             ... on level 2 of the Spider Nest.
             The game lasted 02:25:43 (27641 turns).

puppykicker the Gelid (Barachi Ice Elementalist)   Turns: 27641, Time: 02:25:43

Health: -5/124     AC: 15    Str: 13    XL:     16   Next: 95%
Magic:  10/10      EV: 17    Int: 28    God:    Vehumet [*****.]
Gold:   1063       SH:  0    Dex: 15    Spells: 0/36 levels left

rFire   . . .        b - +7 lajatang of Zapneyze {antimagic, Int+7}
rCold   . . .        (shield currently unavailable)
rNeg    . . .        p - +3 leather armour {rPois} {rPois}
rPois   +            T - +2 hat
rElec   .            X - +2 cloak {Will+}
rCorr   .            v - +2 pair of gloves {Dex+3} {Dex+3}
SInv    .            u - +2 pair of boots
Will    ++...        E - amulet of magic regeneration
Stlth   +++          D - ring of the Tortoise {AC+8}
HPRegen 0.40/turn    U - ring of the Mage {Wiz Archmagi}
MPRegen 0.52/turn

%: wizardry (x1), archmagi
@: about to teleport, corroded, unable to hop, slow
A: amphibious, slowness 1, strong legs 2, +LOS
a: Hop, Renounce Religion


You were on level 2 of the Spider Nest.
You worshipped Vehumet.
Vehumet was extremely pleased with you.
You visited 5 branches of the dungeon, and saw 22 of its levels.
You also visited: Sewer, Ossuary and Bailey.

You collected 2483 gold pieces.
You spent 1420 gold pieces at shops.

Inventory:

Hand Weapons
 a - a +0 quarterstaff
 b - the +7 lajatang of Zapneyze (weapon) {antimagic, Int+7}
   (You acquired it in a bailey)

   Int+7:     It affects your intelligence (+7).
Missiles
 O - 2 throwing nets
 Z - 2 curare-tipped darts
Armour
 e - the +5 scale mail "Esaif" {Regen+}
   (You found it on level 2 of the Spider Nest)

   Regen+:    It increases your rate of health regeneration.
 p - a +3 leather armour of poison resistance (worn) {rPois}
 u - a +2 pair of boots (worn)
 v - a +2 pair of gloves of dexterity (worn) {Dex+3}
 T - a +2 hat (worn)
 X - a +2 cloak of willpower (worn)
Jewellery
 k - the ring "Viarul" {rCorr SInv}
   (You found it on level 2 of the Dungeon)

   [ring of resist corrosion]

   SInv:      It lets you see invisible.
   rCorr:     It protects you from acid and corrosion.
 q - the ring "Juxosei" {Fire Fly Str+5 Int+3}
   (You found it on level 11 of the Dungeon)

   [ring of fire]

   Fire:      It enhances your fire magic.
   Str+5:     It affects your strength (+5).
   Int+3:     It affects your intelligence (+3).
   rF+:       It protects you from fire.
   rC-:       It makes you vulnerable to cold.
   Fly:       It grants you flight.
 D - the ring of the Tortoise (left hand) {AC+8}
   (You took it off an orc wizard on level 10 of the Dungeon)

   [ring of protection]

   AC+8:      It affects your AC (+8).
 E - an amulet of magic regeneration (around neck)
 I - a ring of protection from cold
 U - the ring of the Mage (right hand) {Wiz Archmagi}
   (You bought it in a shop on level 2 of the Orcish Mines)

   [ring of wizardry]

   Wiz:       It improves your spell success rate.
   Archmagi:  It increases the power of your magical spells.
Wands
 j - a wand of paralysis (16)
 o - a wand of flame (15)
 H - a wand of polymorph (10)
 V - a wand of roots (19)
Scrolls
 f - 3 scrolls of fog
 g - a scroll of silence
 h - 2 scrolls of immolation {!r}
 i - 7 scrolls of identify
 l - 3 scrolls of enchant weapon
 m - 4 scrolls of enchant armour
 s - a scroll of noise {!r}
 t - 3 scrolls of teleportation
 w - a scroll of torment {!r}
 y - 2 scrolls of amnesia
 A - a scroll of revelation
 B - a scroll of blinking {!r}
 F - a scroll of brand weapon
 J - 2 scrolls of summoning
 R - 2 scrolls of poison {!r}
 Y - 3 scrolls of vulnerability {!r!r}
Potions
 c - 6 potions of enlightenment
 d - 2 potions of haste
 n - a potion of berserk rage {!q}
 r - 5 potions of magic
 x - 4 potions of curing
 z - 4 potions of mutation {!q}
 C - a potion of resistance
 G - 2 potions of heal wounds
 K - 3 potions of brilliance
 L - 4 potions of lignification {!q}
 M - 5 potions of cancellation
 N - 3 potions of might
Miscellaneous
 P - a phial of floods
 Q - a box of beasts (inert)


   Skills:
 + Level 10.6 Fighting
 - Level 14.0 Staves
 + Level 10.6 Armour
 + Level 10.5 Dodging
 - Level 6.0 Stealth
 + Level 10.7 Spellcasting
 - Level 10.0 Conjurations
 - Level 6.0 Summonings
 - Level 4.0 Translocations
 + Level 17.0 Ice Magic
 - Level 6.0 Air Magic
 - Level 6.0 Poison Magic
 - Level 5.0 Evocations


You couldn't memorise any spells.
You knew the following spells:

 Your Spells              Type           Power      Damage    Failure   Level
a - Freeze                Ice            100%       1d10      0%          1
b - Summon Ice Beast      Ice/Summ       88%        N/A       1%          4
c - Freezing Cloud        Conj/Ice/Air   43%        6-21      1%          5
h - Lesser Beckoning      Tloc           100%       N/A       1%          2
i - Olgreb's Toxic Radia  Pois           64%        N/A       1%          4
o - Ozocubu's Armour      Ice            100%       N/A       0%          3
p - Blink                 Tloc           100%       N/A       1%          2
r - Frozen Ramparts       Ice            100%       1d16      0%          3
v - Poisonous Vapours     Pois/Air       100%       N/A       1%          2
x - Mephitic Cloud        Conj/Pois/Air  71%        N/A       1%          3
z - Ozocubu's Refrigerat  Ice            52%        4d19      1%          7

Your spell library contained the following spells:

 Spells                   Type           Power      Damage    Failure   Level
 Magic Dart               Conj           100%       1d8       1%          1
 Sting                    Tmut/Pois      100%       1d8       1%          1
 Call Imp                 Summ           100%       N/A       1%          2
 Cigotuvi's Dreadful Rot  Necr/Pois/Air  100%       N/A       1%          2
 Ensorcelled Hibernation  Hex/Ice        100%       N/A       1%          2
 Call Canine Familiar     Summ           64%        N/A       1%          3
 Gell's Gravitas          Tloc           54%        N/A       1%          3
 Hailstorm                Conj/Ice       94%        3d19      1%          3
 Inner Flame              Hex/Fire       22%        N/A       1%          3
 Teleport Other           Tloc           54%        N/A       1%          3
 Flame Wave               Conj/Fire      59%        2d14      1%          4
 Sticky Flame             Conj/Fire      59%        2d7       1%          4
 Jinxbite                 Hex            44%        N/A       2%          2
 Sublimation of Blood     Necr           22%        N/A       2%          2
 Wereblood                Tmut           22%        N/A       2%          2
 Manifold Assault         Tloc           54%        N/A       3%          4
 Sigil of Binding         Hex            22%        N/A       5%          3
 Dimensional Bullseye     Hex/Tloc       19%        N/A       8%          4
 Simulacrum               Ice/Necr       38%        N/A       9%          6
 Leda's Unmaking          Conj/Erth      29%        9d5       10%         6
 Lee's Rapid Deconstruct  Erth           11%        3d8*      13%         5
 Anguish                  Hex/Necr       11%        N/A       17%         4
 Dispel Undead            Necr           22%        3d12      17%         4
 Leda's Liquefaction      Hex/Erth       11%        N/A       17%         4
 Dispersal                Tloc           27%        N/A       45%         6
 Summon Hydra             Summ           32%        N/A       75%         7
 Death Channel            Necr           11%        N/A       92%         6


Dungeon Overview and Level Annotations

Branches:
Dungeon (12/15)            Temple (1/1) D:6            Lair (5/5) D:8
  Swamp (0/4) Lair:2       Spider (2/4) Lair:3        Slime (0/5) Lair:5
    Orc (2/2) D:11            Elf (0/3) Orc:2         Sewer (visited)
Ossuary (visited)          Bailey (visited)

Altars:
Ashenzari
Cheibriados
Dithmenos
Elyvilon
Fedhas
Gozag
Hepliaklqana
Kikubaaqudgha
Makhleb
Nemelex Xobeh
Okawaru
Qazlal
Ru
Sif Muna
Trog
Uskayaw
Vehumet
Wu Jian
Xom
Yredelemnul
Zin
The Shining One

Shops:
D:1 ([(*(   D:4 =   D:6 ((   D:7 :=:(   D:9 =   Orc:2 =[:[

Annotations:
D:8 2 transporters, osoart's ghost, novice OpSh
D:10 2 transporters
D:12 Rupert


Innate Abilities, Weirdness & Mutations

You are amphibious.
You cover ground slowly.
You can hop long distances.
You have an extended range of vision and can be seen from far away.


Message History

The entropy weaver hits you!
* * * LOW HITPOINT WARNING * * *
The entropy weaver closely misses you. The entropy weaver misses you.
The entropy weaver hits you!
* * * LOW HITPOINT WARNING * * *
You take 19 damage, and have 20/123 hp.
You now have 3/10 mp.
Unknown command.
Okay, then.
Hop to where?
Press: ? - help, Dir - move target Boing!
The emperor scorpion is engulfed in freezing vapours.
The entropy weaver falters for a moment.
The entropy weaver looks even sicker.
The entropy weaver looks as sick as possible!
You kill the entropy weaver!
You feel your power returning.
You feel a bit more experienced.
You regained 4 mp, and now have 8/10 mp.
Your toxic aura wanes.
MP restored: 10 A tarantella comes into view.
The tarantella moves out of view.
The tarantella's many legs skitter faintly.
You hear a faint skittering sound.
Okay, then.
As you read the scroll of teleportation, it crumbles to dust.
You feel strangely unstable.
A culicivora comes into view.
A tarantella comes into view.
The emperor scorpion closely misses you.
The emperor scorpion claws you but does no damage.
The emperor scorpion claws you.
* * * LOW HITPOINT WARNING * * *
The tarantella moves out of view.
You take 2 damage, and have 25/124 hp.
The tarantella touches you!
* * * LOW HITPOINT WARNING * * *
The emperor scorpion attacks as it pursues you!
The emperor scorpion stings you!!
You die...

###.†#.########........... #.
#....#.# ###^.....^.....# ..
###...## ##.>............###.#
##.#.###..............##....
##.##..##............)>##....
#.###...............s#)#.....
### ##.##.............#......
#..##..s<......###......
#..##.s@.......##....... ###
##.###........###.......
#.#...##.###........##........
#.........##.†.†...###........
.#..........##..##.##.........
............######..##.....###
#...........# #.....#######
............# ##..###.####..
...........## ##..## #.##....


You could see an emperor scorpion, a culicivora (wandering) and a tarantella.

Levels and vault maps discovered:
D:1:      dpeg_arrival_another_circle, layout_loops_cross, serial_shops,
          nicolae_shop_competitors_out_of_business, shop,
          nicolae_shop_statue_plus, nicolae_shop_hallway_stairs,
          nicolae_shop_tiny_waterfront, columned_hall_lemuel
D:2:      layout_basic, uniq_sigmund, uniq_natasha
D:3:      layout_loops_ring, nicolae_uskayaw_dance_hall, kennysheep_boxes
D:4:      layout_basic, nicolae_overflow_crystal_walls, serial_shops,
          nicolae_shop_tiny_statue_garden, kennysheep_nub, uniq_grinder
D:5:      gammafunk_cloud_chamber, layout_basic, portal_sewer_entry_e
D:6:      layout_loops_ring, overflow_temple_1_default,
          minmay_temple_entry_sparse_star, enter_ossuary_2, serial_shops,
          nicolae_shop_rolling_square, nicolae_shop_window_shopping
D:7:      layout_loops_ring, marbit_many_paths, enter_bailey_2, serial_shops,
          nicolae_inconvenience_store, shop, shop, shop, the_hattery,
          uniq_crazy_yiuf_cottage, uniq_jeremiah
D:8:      layout_basic, nzn_hepliaklqana_mist_gate,
          lemuel_mausoleum_altar_yredelemnul, david_lair_shrubbed,
          gammafunk_ghost_berserking_beasts, nrook_campfire,
          minmay_diamond_spiral, uniq_prince_ribbit1
D:9:      layout_irregular_city, serial_shops, shop, feat_on_display,
          uniq_maurice
D:10:     minmay_the_grid_octo_tiled_octocenter [minmay_the_grid_octo_odd_swirl,
          minmay_the_grid_octo_empty, minmay_the_grid_octo_focus,
          minmay_the_grid_octo_teeth,
          minmay_the_grid_octo_prize_ultimate_mussel_roller,
          minmay_the_grid_square_5x5_sharp_hourglass,
          minmay_the_grid_square_5x5_broken_cross,
          minmay_the_grid_square_5x5_doubleslash,
          minmay_the_grid_square_5x5_inner_v], layout_basic,
          mainiacjoe_overflow_chevrons, mainiacjoe_overflow_catwalk,
          ebering_ghost_disaster_area, serial_nicolae_subway,
          nicolae_sub_station_stone, nicolae_sub_station_crystal,
          nicolae_sub_station_metal
D:11:     layout_basic, david_orc_5, gammafunk_ghost_icy
D:12:     layout_stronghold, uniq_rupert
Temple:   nicolae_temple_bog_church
Lair:1:   layout_cave_pods, nicolae_quartered_pool_little, uniq_joseph,
          uniq_nergalle
Lair:2:   layout_regular_city, palyth_hydra_swamp_entry, st_stairs_3,
          nicolae_lair_lakeside_cave
Lair:3:   layout_gridlike, spider_nest_entry_funnel_web, serial_bayou,
          serial_bayou_ford_a, serial_bayou_shore_b, serial_bayou_shore_b,
          serial_bayou_pond_b, serial_bayou_crossing, serial_bayou_pond_c
Lair:4:   beast_lair_carwin_large_1, layout_concentric_octagons,
          grunt_megastairs_5
Lair:5:   evilmike_catoblepas_cave, layout_cave_pods, slime_entry_1,
          minivault_25, serial_bayou_shore_b
Spider:1: layout_chambers
Spider:2: layout_chambers, drop_trap, worms_lemuel
Orc:1:    layout_caves, nicolae_orc_rockfall, led_sif_book
Orc:2:    st_orc_open, layout_caves, nicolae_orc_pool_cavern, uniq_saint_roka,
          uniq_jorgrun

Notes
Turn   | Place    | Note
-------+----------+-------------------------------------------
     0 | D:1      | puppykicker the Barachi Ice Elementalist began the quest
                  | for the Orb.
     0 | D:1      | Reached XP level 1. HP: 13/13 MP: 3/3
    24 | D:1      | Identified a +0 club
    43 | D:1      | Reached skill level 5 in Ice Magic
   115 | D:1      | Found Yhosefre's Antique Weapon Emporium.
   123 | D:1      | Identified a +0 short sword
   141 | D:1      | Reached XP level 2. HP: 20/20 MP: 3/5
   167 | D:1      | Identified a +0 tower shield
   179 | D:1      | Identified a +0 club
   209 | D:1      | Identified a +0 dagger
   237 | D:1      | Found Eskay's Weapon Shoppe.
   239 | D:1      | Reached skill level 1 in Fighting
   323 | D:1      | Found Quhom's Weapon Shop.
   366 | D:1      | Found Cufu's General Store.
   366 | D:1      | Identified a +0 dagger
   375 | D:1      | Bought a potion of degeneration for 12 gold pieces
   460 | D:1      | Reached XP level 3. HP: 22/26 MP: 3/6
   647 | D:1      | Identified a +0 ring mail
   648 | D:1      | Identified a +0 whip
   656 | D:1      | Found Isuenapn's Armour Emporium.
   662 | D:1      | Identified a +0 sling
   700 | D:1      | Bought a +0 quarterstaff for 44 gold pieces
   757 | D:1      | Identified a +0 robe
  1002 | D:2      | Identified the ring "Viarul" {rCorr SInv}
  1031 | D:2      | Noticed Natasha
  1034 | D:2      | Identified a +1 spear
  1041 | D:2      | Identified a +1 spear
  1045 | D:2      | Killed Natasha
  1046 | D:2      | Reached skill level 1 in Staves
  1046 | D:2      | Reached XP level 4. HP: 10/33 MP: 2/8
  1199 | D:2      | Learned a level 3 spell: Frozen Ramparts
  1203 | D:2      | Learned a level 3 spell: Ozocubu's Armour
  1206 | D:2      | Identified a +0 dagger
  1234 | D:2      | Identified an amulet of the acrobat
  1364 | D:1      | Bought a scroll of teleportation for 36 gold pieces
  1460 | D:2      | Noticed Natasha
  1479 | D:2      | Killed Natasha
  1480 | D:2      | Reached skill level 2 in Fighting
  1601 | D:2      | Noticed Natasha
  1602 | D:2      | Identified a +0 dagger
  1604 | D:2      | Identified a +2 spear
  1605 | D:2      | Reached skill level 2 in Staves
  1605 | D:2      | Reached skill level 3 in Spellcasting
  1610 | D:2      | Killed Natasha
  1611 | D:2      | Reached XP level 5. HP: 28/39 MP: 1/9
  1653 | D:2      | Identified a +0 sling
  1653 | D:2      | Identified a +0 short sword
  1717 | D:2      | Identified 2 scrolls of identify
  1717 | D:2      | Identified a potion of mutation
  1718 | D:2      | Identified a potion of haste
  1784 | D:2      | Identified a +0 club
  2025 | D:2      | Identified a +0 club
  2068 | D:2      | Identified a +0 scythe
  2068 | D:2      | Identified a +2 robe of fire resistance
  2068 | D:2      | Noticed Sigmund
  2077 | D:2      | Killed Sigmund
  2078 | D:2      | Reached skill level 3 in Fighting
  2078 | D:2      | Reached skill level 3 in Staves
  2078 | D:2      | Reached skill level 6 in Ice Magic
  2078 | D:2      | Reached XP level 6. HP: 34/47 MP: 3/10
  2085 | D:2      | Reached skill level 4 in Staves
  2284 | D:2      | Identified a +0 short sword
  2389 | D:3      | Identified a +0 mace
  2389 | D:3      | Identified a +0 scale mail
  2623 | D:3      | Identified 2 scrolls of immolation
  2624 | D:3      | Identified 2 scrolls of silence
  2695 | D:3      | Found a hide-covered altar of Uskayaw.
  2818 | D:3      | Identified a +4 ring of protection
  3075 | D:4      | Identified a +0 club
  3075 | D:4      | Identified a +0 ring mail
  3075 | D:4      | Identified a +0 club
  3113 | D:3      | Identified a +0 hand axe
  3182 | D:4      | Noticed Grinder
  3185 | D:4      | Paralysed by Grinder for 2 turns
  3201 | D:4      | Paralysed by Grinder for 2 turns
  3205 | D:4      | Paralysed by Grinder for 5 turns
  3216 | D:4      | Identified a potion of resistance
  3217 | D:4      | Identified a potion of enlightenment
  3218 | D:4      | Identified a potion of curing
  3226 | D:4      | Killed Grinder
  3227 | D:4      | Reached skill level 4 in Fighting
  3227 | D:4      | Reached skill level 5 in Staves
  3227 | D:4      | Reached XP level 7. HP: 34/54 MP: 1/11
  3420 | D:4      | Found Lunguneu's Jewellery Boutique.
  3433 | D:4      | Identified a scroll of enchant weapon
  3479 | D:4      | Identified a +0 pair of boots
  3581 | D:4      | Identified a +0 dagger
  3581 | D:4      | Identified a +0 dagger
  3581 | D:4      | Identified a +0 robe
  3581 | D:4      | Identified a +0 club
  3582 | D:4      | Identified a +0 flail
  3584 | D:4      | Identified a +0 flail
  3585 | D:4      | Identified a +0 club
  3585 | D:4      | Identified a +0 leather armour
  3605 | D:4      | Reached skill level 7 in Ice Magic
  3657 | D:4      | Identified a +2 dagger of venom
  3689 | D:4      | Found a glowing golden altar of the Shining One.
  3793 | D:4      | Identified a +6 ring of strength
  3877 | D:4      | Identified a +0 battleaxe
  4059 | D:5      | Entered Level 5 of the Dungeon
  4060 | D:5      | Identified a +1 pair of boots
  4080 | D:5      | Identified 2 scrolls of enchant armour
  4081 | D:5      | Identified a scroll of blinking
  4141 | D:5      | Identified a +0 dagger
  4157 | D:5      | Identified a +0 dagger
  4158 | D:5      | Identified a +0 club
  4158 | D:5      | Identified a +0 leather armour
  4158 | D:5      | Identified a +0 short sword
  4158 | D:5      | Identified a +0 leather armour
  4176 | D:5      | Identified a +0 hand axe
  4176 | D:5      | Identified a +0 leather armour
  4229 | D:5      | Identified a +0 long sword of venom
  4230 | D:5      | Found a transporter.
  4231 | D:5      | Identified a +0 trident of venom
  4231 | D:5      | Identified a +0 giant club of venom
  4236 | D:5      | Identified a +0 whip
  4236 | D:5      | Identified a +0 ring mail
  4238 | D:5      | Identified a +0 whip
  4238 | D:5      | Identified a +0 dagger
  4238 | D:5      | Identified a +0 mace
  4238 | D:5      | Identified a +0 club
  4325 | D:5      | Found a glowing drain.
  4330 | D:5      | Reached skill level 6 in Staves
  4334 | Sewer    | Entered a sewer
  4350 | Sewer    | Reached XP level 8. HP: 58/61 MP: 8/12
  4379 | Sewer    | Identified a +0 short sword
  4381 | Sewer    | Identified a +0 dagger
  4382 | Sewer    | Identified a +0 dagger
  4383 | Sewer    | Identified a +0 short sword
  4384 | Sewer    | Identified a +0 dagger
  4385 | Sewer    | Identified a +0 club
  4395 | Sewer    | Reached skill level 5 in Fighting
  4417 | Sewer    | Found a white marble altar of Elyvilon.
  4499 | D:5      | Found a transporter.
  4528 | D:5      | Identified a +1 antimagic mace
  4588 | D:5      | Identified a +0 orcbow
  4621 | D:5      | Identified a +1 hat
  4645 | D:5      | Identified a +0 whip
  4645 | D:5      | Identified a +0 robe
  4646 | D:5      | Identified a +0 club
  4647 | D:5      | Identified a +0 flail
  4647 | D:5      | Identified a +0 flail
  4649 | D:5      | Identified a +0 whip
  4654 | D:5      | Reached skill level 7 in Staves
  4761 | D:5      | Learned a level 2 spell: Poisonous Vapours
  4890 | D:1      | Bought a scroll of brand weapon for 114 gold pieces
  5107 | D:5      | Identified a +0 hand axe
  5241 | D:5      | Learned a level 4 spell: Summon Ice Beast
  5292 | D:5      | HP: 15/62 [poison (poison gas)]
  5297 | D:5      | HP: 12/62 [poison (poison gas)]
  5587 | D:5      | HP: 15/62 [poison (poison gas)]
  5748 | D:1      | Bought a scroll of fog for 48 gold pieces
  5907 | D:6      | Identified a +0 giant club
  5913 | D:6      | Reached skill level 8 in Ice Magic
  5913 | D:6      | Reached skill level 1 in Air Magic
  5913 | D:6      | Reached skill level 1 in Poison Magic
  5913 | D:6      | Found Cettaz's Weapon Boutique.
  5933 | D:6      | Reached skill level 1 in Summonings
  6001 | D:6      | Found a staircase to the Ecumenical Temple.
  6004 | D:6      | Identified a +0 whip
  6004 | D:6      | Identified a +0 scale mail
  6004 | D:6      | Identified a +0 club
  6004 | D:6      | Identified a +0 leather armour
  6020 | D:6      | Identified a +0 short sword
  6020 | D:6      | Identified a +0 chain mail
  6020 | D:6      | Identified a +0 whip
  6021 | D:6      | Identified a +0 trident
  6021 | D:6      | Identified a +0 leather armour
  6022 | D:6      | Identified a +0 dagger
  6022 | D:6      | Identified a +0 chain mail
  6023 | D:6      | Identified a +0 dagger
  6023 | D:6      | Identified a +0 leather armour
  6040 | D:6      | Reached skill level 8 in Staves
  6044 | D:6      | Reached skill level 2 in Air Magic
  6044 | D:6      | Reached skill level 2 in Poison Magic
  6044 | D:6      | Reached XP level 9. HP: 37/68 MP: 1/13
  6050 | D:6      | Identified a +0 dagger
  6050 | D:6      | Identified a +0 robe
  6050 | D:6      | Identified a +0 hand axe
  6060 | D:6      | Reached skill level 2 in Summonings
  6067 | D:6      | Identified a scroll of amnesia
  6084 | Temple   | Entered the Ecumenical Temple
  6095 | Temple   | Became a worshipper of Vehumet
  6179 | D:6      | Found a sand-covered staircase.
  6184 | Ossuary  | Entered an ossuary
  6270 | Ossuary  | Identified a potion of cancellation
  6470 | Ossuary  | Identified 2 potions of might
  6511 | D:6      | Found a glowing silver altar of Zin.
  6644 | D:6      | Found Meeneless's Weapon Shoppe.
  6661 | D:6      | Identified a +0 chain mail
  6710 | D:6      | Reached * piety under Vehumet
  6710 | D:6      | Offered knowledge of Magic Dart by Vehumet.
  6728 | D:6      | Identified a +0 scale mail
  6859 | D:6      | Identified a +0 short sword
  6916 | D:7      | Identified 2 scrolls of summoning
  6916 | D:7      | Identified a +1 flail of holy wrath
  6916 | D:7      | Identified a +0 flail
  6916 | D:7      | Identified a +0 short sword
  6916 | D:7      | Identified a +0 dagger
  6916 | D:7      | Identified a +0 robe
  6916 | D:7      | Identified a +0 dagger
  6916 | D:7      | Identified a +0 robe
  6917 | D:7      | Identified a scroll of revelation
  6941 | D:7      | Found Icacal's Book Shop.
  6962 | D:7      | Found Hokuk's Jewellery Emporium.
  6990 | D:7      | Reached skill level 3 in Air Magic
  6990 | D:7      | Reached skill level 3 in Poison Magic
  7004 | D:7      | Identified a +0 trident
  7004 | D:7      | Identified a +0 morningstar
  7005 | D:7      | Identified a +0 club
  7006 | D:7      | Identified a +0 mace
  7007 | D:7      | Identified a +0 dagger
  7007 | D:7      | Identified a +0 leather armour
  7008 | D:7      | Identified a +0 club
  7008 | D:7      | Identified a +3 vampiric trident
  7008 | D:7      | Identified a +0 robe
  7008 | D:7      | Identified an orb of guile
  7008 | D:7      | Noticed Jeremiah
  7015 | D:7      | Reached skill level 3 in Summonings
  7023 | D:7      | Killed Jeremiah
  7024 | D:7      | Reached skill level 9 in Staves
  7031 | D:7      | Found a flagged portal.
  7033 | D:7      | Identified a +0 hand axe
  7110 | D:7      | Identified a +0 hand axe
  7112 | D:7      | Found Xooj's Book Boutique.
  7150 | D:7      | Identified a potion of brilliance
  7151 | D:7      | Identified a potion of lignification
  7217 | D:7      | Identified a +6 ring of intelligence
  7243 | D:7      | Identified a +0 hand axe
  7271 | D:7      | Identified a +0 robe
  7305 | Bailey   | Entered a bailey
  7337 | Bailey   | Identified a +8 battleaxe
  7337 | Bailey   | Identified a +0 plate armour
  7337 | Bailey   | Noticed an orc warlord
  7365 | Bailey   | Identified a +0 hand axe
  7365 | Bailey   | Identified a +3 leather armour
  7365 | Bailey   | Identified a +0 war axe
  7365 | Bailey   | Identified a +0 leather armour
  7381 | Bailey   | Identified a +0 hand axe
  7381 | Bailey   | Identified a +0 leather armour
  7382 | Bailey   | Identified a +0 hand axe
  7382 | Bailey   | Identified a +0 leather armour
  7433 | Bailey   | Identified a +0 hand axe
  7433 | Bailey   | Identified a +0 leather armour
  7433 | Bailey   | Identified a +0 war axe
  7433 | Bailey   | Identified a +0 leather armour
  7433 | Bailey   | Identified a +6 hand axe
  7433 | Bailey   | Identified a +0 leather armour
  7448 | Bailey   | Identified a +0 war axe
  7448 | Bailey   | Identified a +0 ring mail
  7451 | Bailey   | Identified a +0 hand axe
  7451 | Bailey   | Identified a +0 leather armour
  7462 | Bailey   | Identified a +0 hand axe
  7462 | Bailey   | Identified a +0 leather armour
  7552 | Bailey   | Found a runed translucent gate.
  7554 | Bailey   | Found a runed translucent gate.
  7556 | Bailey   | Identified 2 potions of experience
  7557 | Bailey   | Reached skill level 6 in Fighting
  7557 | Bailey   | Reached skill level 10 in Staves
  7557 | Bailey   | Reached skill level 4 in Armour
  7557 | Bailey   | Reached skill level 4 in Dodging
  7557 | Bailey   | Reached skill level 5 in Summonings
  7557 | Bailey   | Reached skill level 9 in Ice Magic
  7557 | Bailey   | Reached skill level 5 in Air Magic
  7557 | Bailey   | Reached skill level 5 in Poison Magic
  7557 | Bailey   | Reached XP level 10. HP: 77/77 MP: 14/14
  7558 | Bailey   | Reached skill level 8 in Fighting
  7558 | Bailey   | Reached skill level 12 in Staves
  7558 | Bailey   | Reached skill level 6 in Armour
  7558 | Bailey   | Reached skill level 6 in Dodging
  7558 | Bailey   | Reached XP level 11. HP: 86/86 MP: 15/15
  7559 | Bailey   | Found a runed translucent gate.
  7566 | Bailey   | Identified a +0 war axe
  7566 | Bailey   | Identified a +0 chain mail
  7566 | Bailey   | Identified a +0 hand axe
  7566 | Bailey   | Identified a +0 leather armour
  7568 | Bailey   | Identified a +0 hand axe
  7568 | Bailey   | Identified a +0 leather armour
  7600 | Bailey   | Identified a +0 hand axe
  7600 | Bailey   | Identified a +0 leather armour
  7601 | Bailey   | Identified a +0 hand axe
  7601 | Bailey   | Identified a +0 leather armour
  7723 | Bailey   | Killed an orc warlord
  7723 | Bailey   | Reached ** piety under Vehumet
  7881 | Bailey   | Identified an amulet of magic regeneration
  7903 | Bailey   | Acquired the +7 lajatang of Zapneyze {antimagic, Int+7}
  7937 | D:7      | Found Quni Apu's Weapon Boutique.
  7970 | D:7      | Learned a level 2 spell: Blink
  7987 | D:7      | Offered knowledge of Scorch by Vehumet.
  8026 | D:7      | Identified a +0 trident
  8026 | D:7      | Identified a +0 leather armour
  8026 | D:7      | Identified a +0 dagger
  8026 | D:7      | Identified a +0 leather armour
  8108 | D:7      | Identified a +0 dagger
  8108 | D:7      | Identified a +0 robe
  8116 | D:7      | Identified a +2 hat
  8117 | D:7      | Identified a +1 hat
  8288 | D:7      | Identified a +0 shortbow
  8297 | D:7      | Found an ornate altar of the Wu Jian Council.
  8318 | D:7      | Identified a +0 club
  8386 | D:7      | Identified a scroll of torment
  8549 | D:7      | Found a runed translucent door.
  8550 | D:7      | Identified a +0 hammer
  8550 | D:7      | Identified a +2 quarterstaff of chaos
  8550 | D:7      | Identified a +0 cloak
  8550 | D:7      | Noticed Crazy Yiuf
  8552 | D:7      | Identified a +0 hammer
  8554 | D:7      | Crazy Yiuf changed into Crazy Yiuf the howler monkey
  8554 | D:7      | Noticed Crazy Yiuf
  8558 | D:7      | Killed Crazy Yiuf the howler monkey
  8560 | D:7      | Identified a +0 hammer
  8589 | D:7      | Identified a +0 scale mail
  8591 | D:7      | Identified a +0 chain mail
  8650 | D:8      | Identified a +0 dagger
  8705 | D:8      | Identified a +0 mace
  8705 | D:8      | Identified a +0 chain mail
  8705 | D:8      | Identified a +0 mace
  8705 | D:8      | Identified a +0 leather armour
  8705 | D:8      | Identified a +0 mace
  8718 | D:8      | Reached skill level 2 in Stealth
  8745 | D:8      | Found a hazy altar of Hepliaklqana.
  8761 | D:8      | Identified a +0 halberd
  8761 | D:8      | Identified a +0 chain mail
  8761 | D:8      | Identified a +0 club
  8761 | D:8      | Identified a +0 leather armour
  8761 | D:8      | Identified a +0 dagger
  8761 | D:8      | Identified a +0 robe
  8761 | D:8      | Identified a +0 giant club
  8761 | D:8      | Identified a +0 giant club
  8761 | D:8      | Noticed a two-headed ogre
  8762 | D:8      | Identified a +0 mace
  8763 | D:8      | Identified a +0 dagger
  8763 | D:8      | Identified a +0 robe
  8764 | D:8      | Identified a +0 shortbow
  8764 | D:8      | Noticed a centaur warrior
  8770 | D:8      | Killed a two-headed ogre
  8771 | D:8      | Reached skill level 6 in Summonings
  8771 | D:8      | Reached skill level 1 in Translocations
  8773 | D:8      | Killed a centaur warrior
  8774 | D:8      | Reached skill level 13 in Staves
  8774 | D:8      | Reached skill level 1 in Evocations
  8774 | D:8      | Reached XP level 12. HP: 62/94 MP: 2/16
  8871 | D:8      | Identified a +2 short sword
  8871 | D:8      | Identified a +0 robe
  8872 | D:8      | Identified a +0 halberd of venom
  8872 | D:8      | Identified a +0 robe
  8874 | D:8      | Identified a +2 scimitar of freezing
  8874 | D:8      | Identified a +0 robe
  8880 | D:8      | Identified a +4 trident of freezing
  8880 | D:8      | Identified a +0 robe
  8901 | D:8      | HP: 22/89 [poisoned by a wight]
  9205 | D:8      | Identified the +0 mace of Change {speed, rC+ MP+9}
  9208 | D:8      | Identified a ring of fire
  9326 | D:8      | Identified a +0 whip
  9342 | D:8      | Found a transporter.
  9345 | D:8      | Paralysed by a hornet for 3 turns
  9368 | D:8      | Noticed osoart's ghost (novice OpSh)
  9384 | D:8      | Identified a +0 flail
  9384 | D:8      | Identified a +0 robe
  9394 | D:8      | Identified a +0 short sword
  9394 | D:8      | Identified a +0 scale mail
  9395 | D:8      | Offered knowledge of Mephitic Cloud by Vehumet.
  9402 | D:8      | Noticed Prince Ribbit
  9402 | D:8      | Identified a +3 great sword
  9402 | D:8      | Identified a +0 robe
  9404 | D:8      | Identified a +0 scimitar
  9404 | D:8      | Identified a +0 robe
  9407 | D:8      | Identified a +2 dagger
  9407 | D:8      | Identified a +0 robe
  9410 | D:8      | Identified a +3 war axe
  9410 | D:8      | Identified a +0 robe
  9414 | D:8      | Killed Prince Ribbit
  9472 | D:8      | Found a transporter.
  9518 | D:8      | Learned a level 2 spell: Lesser Beckoning
  9545 | D:8      | Identified a +6 ring of dexterity
  9641 | D:8      | Found a staircase to the Lair.
  9642 | D:8      | Identified a +0 pair of gloves
  9673 | D:8      | Identified a scroll of poison
  9828 | D:7      | Bought a book of Minor Magic for 216 gold pieces
  9858 | D:8      | Identified a +0 club
  9859 | D:8      | Identified a +0 dagger of speed
  9859 | D:8      | Identified a +0 robe
  9859 | D:8      | Identified a +0 dagger
  9859 | D:8      | Identified a +0 robe
  9859 | D:8      | Identified a +0 dagger
  9859 | D:8      | Identified a +0 robe
  9928 | D:8      | Found a basalt altar of Yredelemnul.
  9941 | D:8      | Reached *** piety under Vehumet
  9979 | D:8      | Identified a +3 long sword
  9979 | D:8      | Identified a +0 robe
 10267 | D:9      | Identified a +0 flail
 10272 | D:9      | Reached skill level 2 in Translocations
 10273 | D:9      | Identified a +0 dagger
 10273 | D:9      | Identified a +2 cloak of willpower
 10273 | D:9      | Noticed Maurice
 10277 | D:9      | Identified a +0 halberd
 10279 | D:9      | Identified a +0 spear
 10280 | D:9      | Identified a +1 spear of venom
 10280 | D:9      | Identified a +0 ring mail
 10280 | D:9      | Identified a +0 whip
 10288 | D:9      | Identified a +0 giant spiked club
 10288 | D:9      | Identified a +0 dire flail
 10288 | D:9      | Noticed a two-headed ogre
 10290 | D:9      | Killed Maurice
 10291 | D:9      | Reached skill level 6 in Poison Magic
 10294 | D:9      | Reached skill level 6 in Air Magic
 10297 | D:9      | Reached skill level 2 in Evocations
 10299 | D:9      | Killed a two-headed ogre
 10463 | D:9      | Identified a +0 dagger
 10463 | D:9      | Identified a +0 robe
 10608 | D:9      | Identified a +0 dire flail
 10608 | D:9      | Identified a +0 robe
 10615 | D:9      | Reached skill level 3 in Stealth
 10633 | D:9      | Offered knowledge of Hailstorm by Vehumet.
 10646 | D:9      | Identified a +3 short sword
 10646 | D:9      | Identified a +0 robe
 10649 | D:9      | Identified a +0 morningstar
 10649 | D:9      | Identified a +0 robe
 10660 | D:9      | Reached skill level 7 in Armour
 10676 | D:9      | Identified a potion of berserk rage
 10704 | D:9      | Identified a +0 vampiric hand axe
 10706 | D:9      | Identified a +0 dagger
 10706 | D:9      | Identified a +0 robe
 10707 | D:9      | Identified a +0 club
 10707 | D:9      | Identified a +0 chain mail
 10707 | D:9      | Identified a +0 dagger
 10707 | D:9      | Identified a +0 leather armour of poison resistance
 10708 | D:9      | Identified a +0 trident
 10715 | D:9      | Reached skill level 9 in Fighting
 10744 | D:9      | Found Hataur's Jewellery Emporium.
 10808 | D:9      | Identified a +4 hand axe of freezing
 10808 | D:9      | Identified a +0 robe
 10808 | D:9      | Identified a +3 mace of freezing
 10808 | D:9      | Identified a +0 robe
 10809 | D:9      | Identified a +0 dagger
 10809 | D:9      | Identified a +0 robe
 11042 | D:10     | Entered Level 10 of the Dungeon
 11042 | D:10     | Found a transporter.
 11048 | D:10     | Found a transporter.
 11050 | D:10     | Identified a +0 short sword
 11051 | D:10     | Identified a +0 club
 11052 | D:10     | Identified a +0 short sword
 11052 | D:10     | Identified a +0 dagger
 11053 | D:10     | Identified a +0 club
 11070 | D:10     | Found a shadowy altar of Dithmenos.
 11103 | D:10     | Identified a +0 shortbow
 11110 | D:10     | Found a large runed translucent door.
 11110 | D:10     | Found a large runed translucent door.
 11110 | D:10     | Noticed garrulousMonolith's ghost (journeyman GrFi)
 11121 | D:10     | Reached skill level 4 in Spellcasting
 11122 | D:10     | Reached skill level 3 in Translocations
 11131 | D:10     | Identified a +0 shortbow
 11131 | D:10     | Identified a +0 orcbow
 11137 | D:10     | Paralysed by a hornet for 2 turns
 11140 | D:10     | Identified a +0 trident
 11140 | D:10     | Identified a +0 orcbow
 11140 | D:10     | Identified a +0 plate armour
 11141 | D:10     | Identified a +0 troll leather armour
 11142 | D:10     | Reached skill level 3 in Evocations
 11142 | D:10     | Reached **** piety under Vehumet
 11143 | D:10     | Reached skill level 7 in Dodging
 11159 | D:10     | Identified a +4 vampiric spear
 11159 | D:10     | Identified a +0 ring mail
 11166 | D:10     | Identified a +0 halberd
 11166 | D:10     | Identified a +0 plate armour
 11170 | D:10     | Offered knowledge of Iskenderun's Battlesphere by Vehumet.
 11174 | D:10     | HP: 23/95 [orc warrior/+0 halberd (11)]
 11440 | D:10     | Identified a +0 chain mail
 11476 | D:10     | Identified 2 scrolls of vulnerability
 11543 | D:10     | Identified a +0 scale mail
 11615 | D:10     | Identified a +0 dagger
 11615 | D:10     | Identified a +0 robe
 11630 | D:10     | Reached skill level 10 in Ice Magic
 11667 | D:10     | Identified a +0 mace
 11667 | D:10     | Identified a +0 whip
 11682 | D:10     | Gained mutation: You can hop long distances. [Barachi
                  | growth]
 11682 | D:10     | Reached XP level 13. HP: 78/101 MP: 6/19
 11754 | D:10     | Identified a +0 leather armour
 11767 | D:10     | Identified a +0 short sword
 11767 | D:10     | Identified a +0 chain mail
 11767 | D:10     | Identified the +6 flail of Immorality {elec, rCorr Str+5
                  | Dex+2 SInv}
 11767 | D:10     | Identified a +0 robe
 11783 | D:10     | Identified a +1 heavy sling
 11783 | D:10     | Identified a +0 orcbow
 11783 | D:10     | Identified a ring of poison resistance
 11790 | D:10     | Reached skill level 4 in Stealth
 11797 | D:10     | Reached skill level 14 in Staves
 11804 | D:10     | Identified a +0 club
 11821 | D:10     | Learned a level 3 spell: Mephitic Cloud
 11833 | D:10     | Identified a +0 shortbow
 11844 | D:10     | Reached skill level 4 in Translocations
 11844 | D:10     | Reached skill level 4 in Evocations
 11854 | D:10     | Identified a +0 long sword
 11854 | D:10     | Identified a +1 robe of cold resistance
 11860 | D:10     | Identified a +0 whip
 11860 | D:10     | Identified a +0 ring mail
 11863 | D:10     | Reached skill level 5 in Spellcasting
 11863 | D:10     | Reached skill level 1 in Conjurations
 11903 | D:10     | Identified a +0 whip
 11903 | D:10     | Identified a +0 plate armour
 11906 | D:10     | Identified a +0 short sword
 11906 | D:10     | Identified a +2 leather armour of poison resistance
 12073 | D:10     | Reached skill level 2 in Conjurations
 12121 | D:10     | Found a transporter.
 12122 | D:10     | Found a transporter.
 12128 | D:10     | Found a shimmering blue altar of Sif Muna.
 12129 | D:10     | Identified a scroll of noise
 12146 | D:10     | Identified a +0 club
 12146 | D:10     | Identified a +0 leather armour
 12149 | D:10     | Identified a +0 short sword
 12149 | D:10     | Identified a +0 chain mail
 12149 | D:10     | Identified a +0 mace
 12149 | D:10     | Identified a +0 chain mail
 12161 | D:10     | Reached ***** piety under Vehumet
 12519 | D:10     | Found a transporter.
 12532 | D:10     | Found a transporter.
 12624 | D:10     | Killed garrulousMonolith's ghost
 12636 | D:10     | Identified the +0 leather armour of the Black Moon {Int+2}
 13063 | D:11     | Identified a +1 dagger of flaming
 13063 | D:11     | Identified a +0 robe
 13063 | D:11     | Identified a +0 club
 13064 | D:11     | Identified a +1 dagger of protection
 13064 | D:11     | Identified a +0 robe
 13065 | D:11     | Identified a +0 giant club
 13065 | D:11     | Identified a +0 giant club
 13065 | D:11     | Identified a +0 dagger
 13068 | D:11     | Identified a +0 long sword
 13068 | D:11     | Identified a +0 plate armour
 13068 | D:11     | Identified a +0 giant club
 13068 | D:11     | Identified a +0 club
 13069 | D:11     | Identified a +0 spear
 13069 | D:11     | Identified a +0 robe
 13069 | D:11     | Identified a +0 war axe
 13069 | D:11     | Identified a +0 plate armour
 13070 | D:11     | Identified a +0 dagger
 13070 | D:11     | Identified a +0 chain mail
 13073 | D:11     | Identified a +0 dagger
 13073 | D:11     | Identified a +0 scale mail
 13075 | D:11     | Identified a +0 whip
 13076 | D:11     | Identified a +0 giant spiked club
 13076 | D:11     | Identified a +0 giant club
 13076 | D:11     | Identified a +0 giant club
 13076 | D:11     | Identified a +0 dagger
 13076 | D:11     | Identified a +0 robe
 13078 | D:11     | Reached skill level 5 in Evocations
 13079 | D:11     | Reached skill level 5 in Stealth
 13081 | D:11     | Identified a +1 hand axe of freezing
 13081 | D:11     | Identified a +0 ring mail
 13084 | D:11     | Identified a +0 mace
 13084 | D:11     | Identified a +0 leather armour
 13085 | D:11     | Reached skill level 3 in Conjurations
 13095 | D:11     | Reached skill level 6 in Spellcasting
 13101 | D:11     | Found a staircase to the Orcish Mines.
 13101 | D:11     | Identified a +0 quarterstaff
 13101 | D:11     | Identified a +0 leather armour
 13101 | D:11     | Identified a +0 war axe
 13101 | D:11     | Identified a +1 chain mail of poison resistance
 13102 | D:11     | Identified a +0 hand axe
 13102 | D:11     | Identified a +0 chain mail
 13105 | D:11     | Identified a +0 dagger
 13105 | D:11     | Identified a +0 ring mail
 13106 | D:11     | Identified a +0 dagger
 13106 | D:11     | Identified a +0 club
 13107 | D:11     | Identified a +0 club
 13107 | D:11     | Identified a +0 flail
 13107 | D:11     | Offered knowledge of Orb of Destruction by Vehumet.
 13112 | D:11     | Identified a +0 hand axe
 13122 | D:11     | Identified a +0 flail
 13122 | D:11     | Identified a +0 leather armour
 13131 | D:11     | Identified a +0 hand axe
 13144 | D:11     | Identified a +0 club
 13144 | D:11     | Identified a +0 dagger
 13144 | D:11     | Identified a +0 chain mail
 13160 | D:11     | Identified a +0 club
 13160 | D:11     | Identified a +0 shortbow
 13164 | D:11     | Identified a +0 orcbow
 13164 | D:11     | Identified a +3 shortbow
 13166 | D:11     | Identified a +0 hand axe
 13168 | D:11     | Identified a +0 club
 13171 | D:11     | Identified a +0 scimitar
 13171 | D:11     | Identified a +0 chain mail
 13177 | D:11     | Reached skill level 4 in Conjurations
 13205 | D:11     | Identified a +0 short sword
 13214 | D:11     | Identified a +0 club
 13214 | D:11     | Identified a +0 club
 13214 | D:11     | Identified a +0 short sword
 13214 | D:11     | Identified a +0 leather armour
 13216 | D:11     | Identified a +0 short sword
 13218 | D:11     | Identified a +0 dagger
 13230 | D:11     | Reached skill level 6 in Stealth
 13233 | D:11     | Identified a +0 whip
 13236 | D:11     | Identified a +0 short sword
 13411 | D:11     | Found a runed translucent gate.
 13412 | D:11     | Found a runed translucent gate.
 13413 | D:11     | Found a runed translucent gate.
 13467 | D:11     | Reached skill level 5 in Conjurations
 13469 | D:11     | Identified a scroll of fear
 13613 | D:11     | Identified a +0 hand axe
 13795 | D:11     | Reached skill level 6 in Conjurations
 13839 | D:11     | Identified a +0 cloak
 13898 | D:11     | Noticed oldmanjim's ghost (journeyman TrBe)
 14217 | D:1      | Bought a +2 pair of gloves of dexterity for 236 gold pieces
 14674 | D:11     | Got the ring "Juxosei" {Fire Fly Str+5 Int+3}
 14920 | D:12     | Identified a +0 dagger
 14920 | D:12     | Identified a +0 robe
 14920 | D:12     | Identified a +0 dagger
 14920 | D:12     | Identified a +0 robe
 14921 | D:12     | Identified a +0 hand axe
 15157 | D:12     | Identified a +0 orcbow of draining
 15166 | D:12     | Identified a +0 orcbow
 15166 | D:12     | Identified a +0 orcbow
 15167 | D:12     | Identified a +0 orcbow
 15167 | D:12     | Identified a +0 shortbow
 15167 | D:12     | Identified a +0 shortbow
 15168 | D:12     | Identified a +0 orcbow
 15403 | D:12     | Identified a +0 battleaxe of flaming
 15403 | D:12     | Identified a +0 scale mail
 15403 | D:12     | Noticed Rupert
 15631 | Lair:1   | Entered Level 1 of the Lair of Beasts
 15676 | Lair:1   | Reached XP level 14. HP: 108/108 MP: 7/23
 15703 | Lair:1   | Identified a +1 dagger of draining
 15703 | Lair:1   | Identified a +0 robe
 15703 | Lair:1   | Noticed Nergalle
 15707 | Lair:1   | Identified a +0 great mace
 15707 | Lair:1   | Identified a +0 chain mail
 15707 | Lair:1   | Identified a +0 trident
 15707 | Lair:1   | Identified a +0 scimitar
 15707 | Lair:1   | Identified a +0 plate armour
 15713 | Lair:1   | Killed Nergalle
 15873 | Lair:1   | Offered knowledge of Freezing Cloud by Vehumet.
 15895 | Lair:1   | Learned a level 5 spell: Freezing Cloud
 16152 | Lair:1   | Identified a ring of wizardry
 16283 | Lair:1   | Identified a +0 quarterstaff
 16283 | Lair:1   | Identified a +0 sling
 16283 | Lair:1   | Identified a +0 leather armour of poison resistance
 16283 | Lair:1   | Noticed Joseph
 16313 | Lair:1   | Killed Joseph
 16676 | Lair:1   | Identified a +0 mace
 16881 | Lair:2   | Reached skill level 8 in Armour
 16927 | Lair:2   | Identified the +1 spear of Sulphur {heavy, rN+}
 17073 | Lair:2   | Reached skill level 11 in Ice Magic
 17476 | Lair:2   | Reached skill level 8 in Dodging
 17476 | Lair:2   | Reached skill level 7 in Spellcasting
 17492 | Lair:2   | Reached skill level 10 in Fighting
 17591 | Lair:2   | Found a staircase to the Swamp.
 17702 | Lair:2   | Reached skill level 7 in Conjurations
 17945 | Lair:2   | Noticed a dire elephant
 17962 | Lair:2   | Killed a dire elephant
 17972 | Lair:2   | Identified a +0 leather armour
 17973 | Lair:2   | Identified a +0 robe
 18279 | Lair:3   | Reached skill level 8 in Spellcasting
 18295 | Lair:3   | Reached skill level 8 in Conjurations
 18303 | Lair:3   | Reached skill level 12 in Ice Magic
 18515 | Lair:3   | Identified the +2 robe of Twilight {Int+3}
 18543 | Lair:3   | Identified a +2 cloak
 18806 | Lair:3   | Identified the +5 flail "Ogreslayer" {heavy, Dex+7}
 18893 | Lair:3   | Reached XP level 15. HP: 115/115 MP: 9/27
 18898 | Lair:3   | Learned a level 4 spell: Olgreb's Toxic Radiance
 19105 | Lair:3   | Found a hole to the Spider Nest.
 19455 | Lair:4   | Identified the +2 ring mail of the Invisible Hand {Fly
                  | rPois rC+}
 19491 | Lair:4   | Reached skill level 9 in Conjurations
 19702 | Lair:4   | Reached skill level 9 in Spellcasting
 19840 | Lair:4   | Identified a +1 pair of gloves
 20050 | Lair:5   | Entered Level 5 of the Lair of Beasts
 20096 | Lair:5   | Identified a +0 whip of distortion
 20139 | Lair:5   | Identified a potion of ambrosia
 20161 | Lair:5   | Identified a +0 trident
 20310 | Lair:5   | Reached skill level 13 in Ice Magic
 20335 | Lair:5   | Offered knowledge of Irradiate by Vehumet.
 20356 | Lair:5   | Found a staircase to the Slime Pits.
 20629 | Lair:5   | Reached skill level 9 in Armour
 20657 | Lair:5   | Reached skill level 9 in Dodging
 21182 | Lair:5   | Identified a +0 flail
 21573 | Lair:5   | Reached skill level 10 in Conjurations
 21668 | Lair:5   | Identified a +0 great sword of electrocution
 21671 | Lair:5   | Identified a +1 pair of gloves of infusion
 21930 | D:11     | Killed oldmanjim's ghost
 22060 | Orc:1    | Entered Level 1 of the Orcish Mines
 22069 | Orc:1    | Identified a +0 giant club
 22097 | Orc:1    | Found a shimmering blue altar of Sif Muna.
 22203 | Orc:1    | Identified a +0 giant club
 22228 | Orc:1    | Identified a +0 battleaxe
 22228 | Orc:1    | Identified a +0 chain mail
 22229 | Orc:1    | Identified a +0 dagger
 22229 | Orc:1    | Identified a +0 robe
 22232 | Orc:1    | Identified a +0 mace
 22232 | Orc:1    | Identified a +0 leather armour
 22234 | Orc:1    | Identified a +0 short sword
 22234 | Orc:1    | Identified a +0 leather armour
 22356 | Orc:1    | Identified a +0 dagger
 22356 | Orc:1    | Identified a +0 robe
 22356 | Orc:1    | Identified a +0 dagger
 22356 | Orc:1    | Identified a +0 robe
 22401 | Orc:2    | Entered Level 2 of the Orcish Mines
 22401 | Orc:2    | Identified a +4 long sword
 22401 | Orc:2    | Identified a +0 plate armour
 22401 | Orc:2    | Identified a +0 mace
 22401 | Orc:2    | Identified a +0 ring mail
 22401 | Orc:2    | Found a staircase to the Elven Halls.
 22402 | Orc:2    | Identified a +0 heavy quarterstaff
 22402 | Orc:2    | Identified a +0 robe
 22402 | Orc:2    | Noticed Jorgrun
 22404 | Orc:2    | Identified a +0 whip
 22404 | Orc:2    | Identified a +0 dagger
 22404 | Orc:2    | Identified a +0 robe
 22411 | Orc:2    | Identified a +0 dagger
 22411 | Orc:2    | Identified a +3 leather armour
 22413 | Orc:2    | Identified a +0 club
 22413 | Orc:2    | Identified a +0 scale mail
 22415 | Orc:2    | Identified a +0 flail
 22415 | Orc:2    | Identified a +0 chain mail
 22416 | Orc:2    | Killed Jorgrun
 22416 | Orc:2    | Identified a +2 trident of distortion
 22416 | Orc:2    | Identified a +0 orcbow
 22416 | Orc:2    | Identified a +0 plate armour
 22417 | Orc:2    | Identified a +0 trident
 22418 | Orc:2    | Identified a +0 dagger
 22418 | Orc:2    | Identified a +0 robe
 22550 | Orc:2    | Identified a +0 giant club
 22751 | Orc:2    | Identified a +0 giant club
 22840 | Orc:2    | Identified a +0 mace
 22840 | Orc:2    | Identified a +0 plate armour
 22841 | Orc:2    | Identified a +0 mace
 22841 | Orc:2    | Identified a +0 dagger
 22843 | Orc:2    | Identified a +0 flail
 22843 | Orc:2    | Identified a +0 leather armour
 22875 | Orc:2    | Identified a +0 giant spiked club
 22875 | Orc:2    | Identified a +0 giant club
 22875 | Orc:2    | Identified a +0 war axe
 22875 | Orc:2    | Identified a +0 leather armour
 22876 | Orc:2    | Found Usullont's Armour Emporium.
 22876 | Orc:2    | Identified a +0 giant spiked club
 22876 | Orc:2    | Identified a +0 dire flail
 22876 | Orc:2    | Identified a +0 giant spiked club
 22876 | Orc:2    | Identified a +0 giant spiked club
 22876 | Orc:2    | Identified a +0 giant spiked club
 22876 | Orc:2    | Identified a +4 heavy battleaxe
 22876 | Orc:2    | Identified a +0 plate armour
 22876 | Orc:2    | Noticed Saint Roka
 22876 | Orc:2    | Identified a +0 mace
 22876 | Orc:2    | Identified a +0 chain mail
 22876 | Orc:2    | Identified a +0 long sword
 22876 | Orc:2    | Identified a +0 plate armour
 22876 | Orc:2    | Identified a +0 club
 22876 | Orc:2    | Identified a +0 ring mail
 22877 | Orc:2    | Identified a +0 mace
 22877 | Orc:2    | Identified a +0 plate armour
 22913 | Orc:1    | Identified a +0 giant spiked club
 22923 | Orc:1    | Reached skill level 10 in Spellcasting
 23049 | Orc:2    | Identified a +0 dagger
 23049 | Orc:2    | Identified a +0 robe
 23055 | Orc:2    | Identified a +0 flail
 23095 | Orc:2    | Identified a +0 giant club
 23095 | Orc:2    | Identified a +0 giant spiked club
 23146 | Orc:2    | Identified a +0 giant spiked club
 23151 | Orc:2    | Identified a +0 giant club
 23153 | Orc:2    | Found Vaismium's Jewellery Shop.
 23154 | Orc:2    | Found Xuick's Book Emporium.
 23154 | Orc:2    | Identified a +0 giant club
 23154 | Orc:2    | Identified a +0 giant spiked club
 23154 | Orc:2    | Identified a +0 giant club
 23155 | Orc:2    | Identified a +0 giant club
 23156 | Orc:2    | Identified a +0 giant club
 23157 | Orc:2    | Identified a +0 flail
 23157 | Orc:2    | Identified a +0 robe
 23158 | Orc:2    | Identified a +0 giant club
 23158 | Orc:2    | Identified a +0 dire flail
 23159 | Orc:2    | Identified a +0 giant club
 23159 | Orc:2    | Identified a +0 dire flail
 23160 | Orc:2    | Identified a +0 giant club
 23162 | Orc:2    | Identified a +0 troll leather armour
 23165 | Orc:2    | Identified a +0 giant club
 23165 | Orc:2    | Identified a +0 giant spiked club
 23167 | Orc:2    | Identified a +0 club
 23167 | Orc:2    | Identified a +0 robe
 23173 | Orc:2    | Identified a +0 whip
 23173 | Orc:2    | Identified a +0 leather armour
 23182 | Orc:2    | Reached skill level 10 in Armour
 23182 | Orc:2    | Reached XP level 16. HP: 39/122 MP: 4/30
 23187 | Orc:2    | Paralysed by something for 5 turns
 23191 | Orc:2    | Identified a +0 giant club
 23199 | Orc:2    | HP: 30/122 [Saint Roka/divine providence (8)]
 23477 | Orc:2    | Identified a +0 halberd
 23477 | Orc:2    | Identified a +0 arbalest
 23477 | Orc:2    | Identified a +0 plate armour
 23478 | Orc:2    | Identified a +0 club
 23482 | Orc:2    | Identified a +0 hand axe
 23485 | Orc:2    | Reached skill level 14 in Ice Magic
 23487 | Orc:2    | Identified a +0 giant club
 23488 | Orc:2    | Reached skill level 10 in Dodging
 23502 | Orc:2    | Killed Saint Roka
 23714 | Orc:2    | Identified a +0 dagger
 23714 | Orc:2    | Identified a +0 robe
 23715 | Orc:2    | Identified a +0 mace
 23717 | Orc:2    | Identified a +0 dagger
 23718 | Orc:2    | Identified a +0 giant spiked club
 23769 | Orc:2    | Identified a +0 giant club
 23769 | Orc:2    | Identified a +0 giant club
 23813 | Orc:2    | Identified a +0 troll leather armour
 23816 | Orc:2    | Identified a +0 giant spiked club
 23816 | Orc:2    | Identified a +0 giant club
 23818 | Orc:2    | Identified a +0 troll leather armour
 23819 | Orc:2    | Identified a +0 giant club
 23822 | Orc:2    | Identified a +0 giant club
 23830 | Orc:2    | Reached skill level 15 in Ice Magic
 23856 | Orc:2    | Identified a +0 giant club
 23856 | Orc:2    | Identified a +0 giant club
 23858 | Orc:2    | Reached ****** piety under Vehumet
 23860 | Orc:2    | Found Uluwoec's Armour Shoppe.
 23974 | Orc:2    | Bought the ring of the Mage {Wiz Archmagi} for 714 gold
                  | pieces
 23974 | Orc:2    | Found the ring of the Mage {Wiz Archmagi}
 24353 | Spider:1 | Entered Level 1 of the Spider Nest
 24472 | Spider:1 | Identified a scarf of shadows
 24882 | Spider:1 | Noticed an entropy weaver
 24901 | Spider:1 | Offered knowledge of Ozocubu's Refrigeration by Vehumet.
 24916 | Spider:1 | Killed an entropy weaver
 24917 | Spider:1 | Reached skill level 16 in Ice Magic
 25537 | Spider:1 | Identified a ring of protection from cold
 25743 | Spider:1 | Identified a +0 leather armour
 26385 | Spider:2 | HP: 45/183 [demonic crawler (11)]
 26391 | Spider:2 | HP: 25/122 [demonic crawler (6)]
 26880 | Spider:2 | Learned a level 7 spell: Ozocubu's Refrigeration
 27030 | Spider:2 | Identified the +5 scale mail "Esaif" {Regen+}
 27036 | Spider:2 | Identified a ring of see invisible
 27288 | Spider:2 | Identified a +0 broad axe
 27288 | Spider:2 | Identified a +0 robe
 27290 | Spider:2 | Identified a +0 war axe
 27290 | Spider:2 | Identified a +0 leather armour
 27291 | Spider:2 | Identified a +0 hand axe
 27291 | Spider:2 | Identified a +0 robe
 27299 | Spider:2 | Noticed an entropy weaver
 27319 | Spider:2 | Reached skill level 17 in Ice Magic
 27320 | Spider:2 | Killed an entropy weaver
 27479 | Spider:2 | Noticed an entropy weaver
 27488 | Spider:2 | Killed an entropy weaver
 27607 | Spider:2 | Noticed an entropy weaver
 27625 | Spider:2 | HP: 20/123 [entropy weaver (11)]
 27628 | Spider:2 | Killed an entropy weaver
 27640 | Spider:2 | HP: 25/124 [emperor scorpion[a torpor snail] (2)]
 27641 | Spider:2 | Slain by an emperor scorpion

Table legend: (Time is in decaauts)
 A = Elapsed time spent in this place.
 B = Non-inter-level travel time spent in this place.
 C = Inter-level travel time spent in this place.
 D = Time resting spent in this place.
 E = Time spent auto-exploring this place.
 F = Levels seen in this place.
 G = Mean time per level.
                   A        B        C        D        E       F      G
               +--------+--------+--------+--------+--------+-----+--------+
         Total |  30533 |  27034 |   3499 |   6686 |  13439 |  25 | 1221.3 |
       Dungeon |  16850 |  13914 |   2936 |   2903 |   7630 |  12 | 1404.2 |
        Temple |     25 |     15 |     10 |      0 |      0 |   1 |   25.0 |
          Lair |   6861 |   6464 |    397 |   1338 |   3683 |   5 | 1372.2 |
   Spider Nest |   3466 |   3429 |     37 |   1501 |   1217 |   2 | 1733.0 |
  Orcish Mines |   2205 |   2088 |    117 |    698 |    785 |   2 | 1102.5 |
         Sewer |    146 |    146 |      0 |      0 |     62 |   1 |  146.0 |
       Ossuary |    326 |    326 |      0 |     65 |      0 |   1 |  326.0 |
        Bailey |    651 |    651 |      0 |    180 |     59 |   1 |  651.0 |
               +--------+--------+--------+--------+--------+-----+--------+

Top non-repeatable levels by time:
    D:10: 2241 daAuts
     D:8: 2233 daAuts
  Lair:5: 1816 daAuts
Spider:1: 1812 daAuts
     D:2: 1742 daAuts
    D:11: 1711 daAuts
Spider:2: 1654 daAuts
  Lair:2: 1633 daAuts
     D:1: 1410 daAuts
     D:7: 1406 daAuts
     D:5: 1402 daAuts
  Lair:1: 1371 daAuts
   Orc:2: 1308 daAuts
     D:4: 1292 daAuts
  Lair:3: 1125 daAuts

Table legend:
 A = Kills in this place as a percentage of kills in the entire game.
 B = Kills by you in this place as a percentage of kills by you in the entire game.
 C = Kills by friends in this place as a percentage of kills by friends in the entire game.
 D = Other kills in this place as a percentage of other kills in the entire game.
 E = Experience gained in this place as a percentage of experience gained in the entire game.
 F = Experience gained in this place divided by the number of levels of this place that you have seen.
                   A       B       C       D       E      F
               +-------+-------+-------+-------+-------+----------------------
         Total | 100.0 | 100.0 | 100.0 |   N/A | 100.0 | 6700.8
       Dungeon |  46.4 |  46.5 |  20.0 |   N/A |  25.1 | 3499.4
          Lair |  24.3 |  24.2 |  40.0 |   N/A |  38.1 | 12748.8
   Spider Nest |  11.6 |  11.5 |  20.0 |   N/A |  22.2 | 18615.5
  Orcish Mines |   9.8 |   9.7 |  20.0 |   N/A |  13.6 | 11357.5
         Sewer |   1.7 |   1.7 |   0.0 |   N/A |   0.1 | 149.0
       Ossuary |   3.3 |   3.3 |   0.0 |   N/A |   0.1 | 248.0
        Bailey |   3.0 |   3.0 |   0.0 |   N/A |   0.9 | 1439.0
               +-------+-------+-------+-------+-------+----------------------

Skill      XL: |  1  2  3  4  5  6  7  8  9 10 11 12 13 14 15 16 |
---------------+-------------------------------------------------+-----
Ice Magic      | 5 6 7 8 9 10 12 13 17 | 17.0
Fighting       | 1 2 3 4 5 6 8 9 10 | 10.6
Staves         | 1 2 3 5 6 8 10 12 13 14 | 14.0
Spellcasting   | 3 4 6 8 10 | 10.7
Air Magic      | 2 5 6 |  6.0
Poison Magic   | 2 5 6 |  6.0
Summonings     | 1 5 6 |  6.0
Armour         | 4 6 7 8 10 | 10.6
Dodging        | 4 6 7 8 9 10 | 10.5
Stealth        | 2 3 6 |  6.0
Translocations | 1 3 4 |  4.0
Evocations     | 1 3 5 |  5.0
Conjurations   | 6 8 10 | 10.0

Action                     |  1- 3 |  4- 6 |  7- 9 | 10-12 | 13-15 | 16-18 || total
---------------------------+-------+-------+-------+-------+-------+-------++-------
  Melee: Unarmed           |    13 |       |       |       |       |       ||    13
         Short sword       |    14 |       |       |       |       |       ||    14
         Quarterstaff      |    18 |    78 |   302 |    32 |    38 |     6 ||   474
         Lajatang          |       |       |       |   279 |  1030 |   342 ||  1651
   Fire: Sling             |       |     3 |       |     3 |       |       ||     6
  Throw: Boomerang         |     2 |    12 |       |       |       |       ||    14
         Dart              |       |       |       |     8 |       |     2 ||    10
         Javelin           |       |       |       |       |     2 |       ||     2
   Cast: Freeze            |    28 |    17 |    18 |     1 |     4 |       ||    68
         Frozen Ramparts   |       |    11 |    26 |    18 |    45 |       ||   100
         Ozocubu's Armour  |       |     3 |    17 |    13 |    24 |     2 ||    59
         Summon Ice Beast  |       |       |     1 |     3 |     4 |     3 ||    11
         Poisonous Vapours |       |       |       |     3 |     2 |     7 ||    12
         Freezing Cloud    |       |       |       |       |    33 |    47 ||    80
         Lesser Beckoning  |       |       |       |       |     1 |       ||     1
         Olgreb's Toxic Ra |       |       |       |       |     3 |     2 ||     5
         Mephitic Cloud    |       |       |       |       |     1 |       ||     1
         Ozocubu's Refrige |       |       |       |       |       |    16 ||    16
Ability: Hop               |     1 |       |     2 |     2 |     6 |     2 ||    13
  Evoke: Wand              |       |       |     4 |    13 |    34 |     7 ||    58
         Box of beasts     |       |       |       |       |     3 |     1 ||     4
    Use: Scroll            |       |     4 |    11 |     5 |     8 |     5 ||    33
         Potion            |       |     3 |     2 |     2 |     2 |     9 ||    18
   Stab: Sleeping          |     3 |     4 |     2 |     3 |    10 |     3 ||    25
         Distracted        |       |       |       |       |     1 |     2 ||     3
 Armour: Robe              |    38 |    60 |   177 |    76 |       |       ||   351
         Leather armour    |       |       |       |   130 |   932 |   400 ||  1462
         Skin              |       |       |       |       |       |    19 ||    19
  Dodge: Dodged            |    46 |    64 |   214 |   197 |   800 |   357 ||  1678

Vanquished Creatures
  Saint Roka (Orc:2)
  Jorgrun (Orc:2)
  The ghost of oldmanjim the Metamorph, a journeyman TrBe of Trog (D:11)
  An orc warlord (Bailey)
  A dire elephant (Lair:2)
  4 entropy weavers
  4 hydras
  An alligator (Lair:2)
  3 catoblepae (Lair:5)
  3 ogre magi
  A jorogumo (Spider:1)
  3 boulder beetles
  2 anacondas
  4 centaur warriors
  12 two-headed ogres
  6 death yaks
  8 demonic crawlers (Spider:2)
  Nergalle (Lair:1)
  3 pharaoh ants
  3 skysharks
  2 orb spiders (Spider:2)
  A glowing orange brain (Lair:2)
  2 deep trolls (Orc:2)
  2 steelbarb worms (Spider:2)
  A deep elf pyromancer (D:10)
  An orc knight (Orc:1)
  7 wolf spiders
  An ugly thing (D:10)
  6 cyclopes
  Joseph (Lair:1)
  2 manticores (Lair:5)
  Maurice (D:9)
  A moth of wrath (Spider:2)
  A guardian serpent (shapeshifter) (D:10)
  14 elephants
  11 black mambas
  Jeremiah (D:7)
  2 gargoyles
  An unseen horror (D:12)
  8 cane toads
  4 torpor snails
  4 kobold demonologists
  6 rime drakes
  10 komodo dragons
  2 unseen horror zombies (D:8)
  A queen bee (Spider:2)
  10 trolls
  A meliai (Spider:2)
  A polar bear (Lair:2)
  A tyrant leech (Lair:2)
  Grinder (D:4)
  10 tarantellas
  4 hornets
  4 dream sheep (Lair:5)
  Prince Ribbit (D:8)
  22 blink frogs
  Sigmund (D:2)
  3 centaur simulacra (D:11)
  16 culicivoras
  2 water elementals (D:11)
  A spriggan (D:7)
  10 jumping spiders
  A vampire (D:10)
  2 shadows (D:10)
  2 wraiths
  4 wyverns
  58 yaks
  4 basilisks
  A steam dragon (Lair:2)
  A vampire mosquito (D:10)
  27 redbacks
  3 swamp worms (Lair:2)
  A warg (Orc:2)
  3 acid dragons
  16 water moccasins
  19 orc warriors
  A black bear (Lair:2)
  2 sky beasts (D:7)
  6 ice beasts
  26 ogres
  A boggart (D:10)
  19 wolves
  14 centaurs
  A phantom (D:6)
  6 kobold brigands
  20 bullfrogs
  2 wyvern zombies (D:8)
  2 gnoll sergeants
  3 scorpions
  16 wights
  11 killer bees
  6 electric eels
  13 howler monkeys
  3 centaur zombies (D:8)
  2 gnoll boudas
  2 jellies
  14 orc priests
  A human zombie (D:8)
  3 sleepcaps
  19 orc wizards
  Natasha (thrice) (D:2)
  An ogre zombie (D:5)
  4 mummies
  9 gnolls
  A gnoll zombie (D:5)
  4 river rats
  9 adders
  An orc zombie (D:5)
  A shadow imp (D:8)
  A white imp (D:11)
  3 worms
  5 dart slugs
  70 orcs
  5 endoplasms
  9 giant cockroaches
  12 goblins
  11 hobgoblins
  6 jackals
  5 quokkas
  5 ball pythons
  7 bats
  3 frilled lizards
  9 gnoll skeletons (Ossuary)
  33 kobolds
  3 kobold skeletons (Ossuary)
  13 orc skeletons (Ossuary)
  13 rats
825 creatures vanquished.

Vanquished Creatures (collateral kills)
  The ghost of garrulousMonolith the Basher, a journeyman GrFi of Okawaru (D:10)
  A death yak (Lair:5)
  An orb spider (Spider:1)
  A yak (Lair:5)
  An orc (Orc:2)
5 creatures vanquished.

Grand Total: 830 creatures vanquished
